 Dungeon Crawl Stone Soup version 0.17-a0-1407-gde22cd8 (webtiles) character file.

63 Geeful the Insei (level 4, 0/28 HPs)
             Began as an Octopode Transmuter on June 22, 2015.
             Slain by a jackal (2 damage)
             ... on level 1 of the Dungeon.
             The game lasted 00:09:57 (1715 turns).

Geeful the Insei (Octopode Transmuter)              Turns: 1715, Time: 00:09:57

Health: 0/28       AC:  1    Str:  9    XL:     4   Next: 9%
Magic:  2/7        EV: 13    Int: 15    God:
Gold:   42         SH:  0    Dex: 13    Spells: 2 memorised, 5 levels left

rFire  . . .     SeeInvis .       - Unarmed
rCold  . . .     Clarity  .     (no shield)
rNeg   . . .     SustAt   +     (helmet restricted)
rPois  .         Gourm    .     (no amulet)
rElec  .         Spirit   .     g - ring of sustain attributes
rCorr  .         Warding  .     (no ring)
rMut   .         Stasis   .     (no ring)
MR     .....                    (no ring)
Stlth  ++........               (no ring)
                                (no ring)
                                (no ring)
                                (no ring)

@: appendage, not resistant to hostile enchantments, unstealthy
A: almost no armour, amphibious, 8 rings, constrict 8, tentacle spike 3,
camouflage 1, gelatinous body 1
a: End Transformation


You were on level 1 of the Dungeon.
You were hungry.
One of your tentacles had a temporary spike.
You visited 1 branch of the dungeon, and saw 2 of its levels.

You collected 42 gold pieces.

Inventory:

Missiles
 a - 22 arrows
Armour
 e - a +0 large shield
Jewellery
 g - a ring of sustain attributes (left tentacle)
Scrolls
 f - 2 scrolls of amnesia
Books
 b - a book of Changes

   Spells                             Type                      Level
   a - Beastly Appendage              Transmutation                1
   b - Sticks to Snakes               Transmutation                2
   c - Spider Form                    Transmutation/Poison         3
   d - Ice Form                       Ice/Transmutation            4
   e - Blade Hands                    Transmutation                5
Comestibles
 c - 3 bread rations
 d - a chunk of flesh


   Skills:
 - Level 1.0 Fighting
 + Level 2.8 Dodging
 + Level 3.5 Unarmed Combat
 + Level 2.5 Spellcasting
 + Level 2.5 Transmutations


You had 5 spell levels left.
You knew the following spells:

 Your Spells              Type           Power        Failure   Level  Hunger
a - Beastly Appendage     Trmt           #.....       10%         1    #......
b - Sticks to Snakes      Trmt           #.........   12%         2    ###....


Dungeon Overview and Level Annotations

Branches:
Dungeon (2/15)

Altars:
Okawaru


Innate Abilities, Weirdness & Mutations

You cannot wear most types of armour.
You are amphibious.
You can wear up to eight rings at the same time.
You can use your tentacles to constrict eight enemies at once.
Your skin changes colour to match your surroundings (Stealth).
Your rubbery body absorbs attacks (AC +1).
One of your tentacles bears a large vicious spike.


Message History

Found a stone staircase leading down.
The jackal bites you.
* * * LOW HITPOINT WARNING * * *
The jackal bites you but does no damage.
There is a stone staircase leading up here.
The jackal barely misses you. The jackal bites you.
* * * LOW HITPOINT WARNING * * *
You climb upwards.
There is a stone staircase leading down here.
Casting: Beastly Appendage
Confirm with . or Enter, or press ? or * to list all spells.
One of your tentacles grows a vicious spike.
The jackal completely misses you.
You are too injured to fight recklessly!
You are too injured to fight recklessly!
You tentacle-slap the jackal but do no damage.
Your grab misses the jackal.
You pierce the jackal, but do no damage.
The jackal bites you.
You die...

##############
##...........#
##...........############
##......................#
##......................#
##......................#
##.....(................#
.#......................##
.'..............@........#
.#...............h.......#
.............#######.....#
#....######'## #.....#
#....# #.# ######.....#
##.### #.# #..)....####
##.# #.# #.......# ##.##
#.# #.......# ##..# #รท#
#.......#


You could see a jackal.

Vanquished Creatures
  2 gnolls
  An ooze (D:1)
  3 giant geckos (D:1)
  2 ball pythons (D:1)
  4 giant cockroaches (D:1)
  5 hobgoblins (D:1)
  A jackal (D:2)
  2 kobolds
  4 bats (D:1)
  3 giant newts (D:1)
  4 goblins (D:1)
  8 rats
39 creatures vanquished.

Notes
Turn   | Place    | Note
--------------------------------------------------------------
     0 | D:1      | Geeful the Octopode Transmuter began the quest for the Orb.
     0 | D:1      | Reached XP level 1. HP: 13/13 MP: 3/3
   309 | D:1      | Reached XP level 2. HP: 15/18 MP: 3/5
   531 | D:1      | Found an iron altar of Okawaru.
   559 | D:1      | Reached XP level 3. HP: 21/23 MP: 4/6
   837 | D:1      | Learned a level 2 spell: Sticks to Snakes
  1690 | D:2      | Reached XP level 4. HP: 8/28 MP: 1/7
  1715 | D:1      | Slain by a jackal

Vault maps used:
D:1:      dpeg_arrival_windows_large_door, okawaru_ov_weapons_minmay
D:2:      first_bread

Action                   |  1- 3 |  4- 6 || total
-------------------------+-------+-------++-------
Melee: Unarmed           |    81 |     2 ||    83
 Cast: Beastly Appendage |    17 |     1 ||    18
       Sticks to Snakes  |     3 |       ||     3
  Use: Scroll            |     5 |       ||     5
       Potion            |     3 |       ||     3
 Stab: Sleeping          |     3 |     1 ||     4
  Eat: Chunk             |     2 |       ||     2
